 Dungeon Crawl Stone Soup version 0.30.0-18-gf1372a6a44 (webtiles) character file.

Game seed: 17408077114702011843

1473 qw the Cleaver (level 8, -3/52 HPs)
             Began as a Gargoyle Fighter on May 23, 2023.
             Slain by an orc warrior
             ... wielding a +0 hand axe
              (7 damage)
             ... on level 6 of the Dungeon.
             The game lasted 00:02:26 (5354 turns).

qw the Cleaver (Gargoyle Fighter)                   Turns: 5354, Time: 00:02:27

Health: -3/52      AC: 16    Str: 22    XL:     8   Next: 78%
Magic:  8/8        EV:  8    Int:  9    God:
Gold:   131        SH:  4    Dex:  9    Spells: 7/7 levels left

rFire   . . .        Y - +1 war axe
rCold   . . .        c - +0 buckler
rNeg    + + .        k - +0 chain mail
rPois   inf          (no helmet)
rElec   +            n - scarf {repulsion}
rCorr   .            (no gloves)
SInv    .            f - +0 pair of boots
Will    .....        (no amulet) Stlth
                     q - ring of positive energy
HPRegen 0.28/turn    (no ring)
MPRegen 0.11/turn

%: repel missiles
@: about to teleport
A: sickness immunity, AC +5, negative energy resistance 1, electricity
resistance, torment resistance 1, petrification resistance
a: no special abilities


You were on level 6 of the Dungeon.
You visited 1 branch of the dungeon, and saw 6 of its levels.

You collected 282 gold pieces.
You spent 151 gold pieces at shops.


Innate Abilities, Weirdness & Mutations

You are immune to sickness and miasma.
Your stone body is resilient. (AC +5)
You are immune to poison.
You resist negative energy. (rN+)
You are resistant to electric shocks. (rElec)
You are resistant to unholy torment.
You are immune to petrification.


   Skills:
 - Level 6.3 Fighting
 + Level 8.2 Axes
 - Level 1.0 Throwing
 - Level 4.1 Armour
 - Level 1.3 Dodging
 - Level 3.2 Shields


You had 7 spell levels left.
You didn't know any spells.
Your spell library was empty.

Inventory:

Hand Weapons
 e - a +0 morningstar
 Y - a +1 war axe (weapon)
Armour
 c - a +0 buckler (worn)
 f - a +0 pair of boots (worn)
 k - a +0 chain mail (worn)
 n - a scarf of repulsion (worn)
 r - a +2 cloak
Jewellery
 q - a ring of positive energy (left hand)
Scrolls
 a - 2 scrolls of teleportation
 j - a scroll of identify
Potions
 b - a potion of cancellation
 d - 2 potions of might
 g - 2 potions of attraction
 h - 3 potions of curing
 i - a potion of resistance
 l - 2 potions of heal wounds
 m - a potion of degeneration {unknown}
 o - a potion of mutation {unknown}

Dungeon Overview and Level Annotations

Branches:
Dungeon (6/15)
 Temple: D:4-7

Altars:

Shops:
D:4 *


Message History

The orc warrior hits you but does no damage.
You hit the orc warrior.
The orc warrior is heavily wounded.
You hit the orc. The orc closely misses you.
You block the orc warrior's attack. The orc hits you with a +0 mace.
You closely miss the orc.
The orc is severely wounded.
You slash the orc warrior!
The orc hits you from afar with a +0 trident.
You block the orc warrior's attack. The orc hits you but does no damage.
You hit the orc warrior.
The orc warrior is almost dead.
You slash the orc!
You kill the orc!
The orc barely misses you.
The orc warrior hits you but does no damage.
You barely miss the orc warrior.
The orc warrior is almost dead.
The orc hits you from afar with a +0 trident.
The orc warrior hits you but does no damage.
The orc warrior hits you with a +0 hand axe.
The orc hits you from afar with a +0 trident.
You barely miss the orc warrior.
The orc warrior is almost dead.
The orc hits you from afar with a +0 trident.
The orc warrior hits you but does no damage.
You barely miss the orc warrior.
The orc warrior is almost dead.
The orc hits you but does no damage. The orc warrior closely misses you.
You closely miss the orc warrior.
The orc warrior is almost dead.
The orc hits you from afar with a +0 trident.
The orc warrior hits you with a +0 hand axe!
5354 ||| READING 3 scrolls of teleportation.
As you read the scroll of teleportation, it crumbles to dust.
You feel strangely unstable. The orc hits you but does no damage.
The orc warrior hits you with a +0 hand axe!
You die...

############....## ##..#
##.......%....#.#.###.#.##
..........#####.##.#.##...
##.######.# #.# #.######
#.# #.# #.....## #.#####.#
#..##.#. #....##.#
#..##...
#.##.##.###..####. #@#
............. #..)o#
..........^.. #<#.o.#
#.#####.#.### #...# #
#.#.# # ..... #.#.# #
...(.. #.#.# ....... ....#
####...#. ....# ....#


You could see an orc warrior and an orc.

Vanquished Creatures
  A wyvern (D:5)
  Eustachio (D:5)
  Edmund (D:4)
  Duvessa (D:5)
  An ice beast (D:6)
  2 phantoms (D:4)
  A scorpion (D:4)
  Dowan (D:5)
  2 orc priests
  4 hounds
  2 orc wizards
  4 iguanas
  7 gnolls
  9 adders
  A shadow imp (D:5)
  A worm (D:3)
  3 dart slugs (D:1)
  18 orcs
  6 bats
  6 endoplasms
  5 giant cockroaches
  6 goblins
  6 hobgoblins
  18 jackals
  6 kobolds
  3 quokkas
  7 ball pythons
  2 frilled lizards (D:2)
  5 rats
130 creatures vanquished.

Notes
Turn   | Place    | Note
-------+----------+-------------------------------------------
     0 | D:1      | qw the Gargoyle Fighter began the quest for the Orb.
     0 | D:1      | Reached XP level 1. HP: 14/14 MP: 1/1
     0 | D:1      | 0 ||| qw: Version: 0.2-a-98-g5d7165a
     0 | D:1      | 0 ||| qw: Game counter: 6
     0 | D:1      | 0 ||| qw: Always use a shield: true
     0 | D:1      | 0 ||| qw: God list: Okawaru
     0 | D:1      | 0 ||| qw: Allow faded altars: false
     0 | D:1      | 0 ||| qw: Do Orc after D:15 true
     0 | D:1      | 0 ||| qw: Do second Lair branch before Depths: true
     0 | D:1      | 0 ||| qw: Lair rune preference: random
     0 | D:1      | 0 ||| qw: Plans: Normal, Zot:1-4, God:TSO, Crypt, Tomb,
                  | Pan, Slime:5, Hells, Abyss, Win
     0 | D:1      | 0 ||| PLANNING D:1-11
     6 | D:1      | 6 ||| Stepping ~*~*~tactically~*~*~ (hiding).
    13 | D:1      | Reached skill level 2 in Axes
    59 | D:1      | 59 ||| Stepping ~*~*~tactically~*~*~ (hiding).
    62 | D:1      | 62 ||| Stepping ~*~*~tactically~*~*~ (hiding).
    71 | D:1      | Reached XP level 2. HP: 19/19 MP: 2/2
   315 | D:1      | Found a faded altar of an unknown god.
   321 | D:1      | Reached skill level 3 in Axes
   446 | D:1      | Reached XP level 3. HP: 23/23 MP: 3/3
   462 | D:1      | 462 ||| Stepping ~*~*~tactically~*~*~ (stealth).
   466 | D:1      | 466 ||| Stepping ~*~*~tactically~*~*~ (stealth).
   477 | D:1      | Reached skill level 1 in Throwing
   656 | D:1      | 656 ||| UPGRADING to scarf of repulsion.
   661 | D:1      | 661 ||| READING scroll labelled ATECWU DAIF.
   662 | D:1      | 662 ||| READING scroll labelled KEBUAR VIRATT.
   663 | D:1      | 663 ||| READING scroll labelled HOLIRAUGEAPT.
   664 | D:1      | 664 ||| READING scroll labelled IDUOCZ VATTIBA.
   904 | D:2      | 904 ||| DROPPING +0 club.
   956 | D:2      | 956 ||| Stepping ~*~*~tactically~*~*~ (hiding).
   961 | D:2      | Reached XP level 4. HP: 21/28 MP: 4/4
   988 | D:2      | Reached skill level 4 in Axes
  1565 | D:2      | 1565 ||| READING 3 scrolls labelled KOHOTY QIEJIT.
  1570 | D:2      | 1570 ||| READING scroll labelled EPRIC UGI LUAN.
  1571 | D:2      | 1571 ||| READING 2 scrolls labelled KYXOAS GYNUCVA.
  1572 | D:2      | 1572 ||| READING scroll labelled UBLIOS VARAH.
  1573 | D:2      | 1573 ||| READING scroll labelled GEGEOT CUJ.
  1597 | D:3      | 1597 ||| Stepping ~*~*~tactically~*~*~ (stealth).
  1689 | D:3      | 1689 ||| DROPPING +3 hand axe.
  1707 | D:3      | 1707 ||| UPGRADING to +0 pair of boots.
  1712 | D:3      | 1712 ||| UPGRADING to +0 chain mail.
  1722 | D:3      | 1722 ||| DROPPING +0 scale mail.
  1723 | D:3      | 1723 ||| READING 2 scrolls of identify.
  1723 | D:3      | 1723 ||| IDENTIFYING viscous sapphire potion
  1729 | D:3      | Reached XP level 5. HP: 32/32 MP: 5/5
  1810 | D:3      | 1810 ||| READING scroll labelled NUNUAWK VARE.
  2117 | D:3      | 2117 ||| Stepping ~*~*~tactically~*~*~ (stealth).
  2325 | D:3      | 2325 ||| UPGRADING to ring of positive energy.
  2326 | D:3      | 2326 ||| DRINKING 2 fizzy red potions.
  2327 | D:3      | 2327 ||| DRINKING 2 clear potions.
  2328 | D:3      | 2328 ||| READING 2 scrolls of identify.
  2328 | D:3      | 2328 ||| IDENTIFYING red potion
  2329 | D:3      | 2329 ||| DROPPING potion of magic.
  2330 | D:3      | 2330 ||| DROPPING potion of invisibility.
  2402 | D:4      | 2402 ||| Stepping ~*~*~tactically~*~*~ (stealth).
  2409 | D:4      | Reached skill level 5 in Axes
  2424 | D:4      | Reached XP level 6. HP: 22/38 MP: 6/6
  2495 | D:4      | Identified the +0 leather armour of the Spider Nest {rN++
                  | Dex-2}
  2549 | D:4      | Found Ugruot's Assorted Antiques.
  2557 | D:4      | 2557 ||| BUYING 2 potions of curing (102 gold).
  2557 | D:4      | Bought 2 potions of curing for 102 gold pieces
  2557 | D:4      | 2557 ||| BUYING bubbling coppery potion (15 gold).
  2557 | D:4      | Bought a bubbling coppery potion for 15 gold pieces
  2557 | D:4      | 2557 ||| BUYING scroll of identify (34 gold).
  2557 | D:4      | Bought a scroll of identify for 34 gold pieces
  2557 | D:4      | 2557 ||| SHOPLISTING scroll of identify (34 gold, have 14).
  2589 | D:4      | 2589 ||| Stepping ~*~*~tactically~*~*~ (hiding).
  2921 | D:4      | 2921 ||| Stepping ~*~*~tactically~*~*~ (stealth).
  3003 | D:4      | Noticed Edmund
  3017 | D:4      | Killed Edmund
  3018 | D:4      | Reached skill level 6 in Axes
  3018 | D:4      | Reached XP level 7. HP: 28/44 MP: 7/7
  3154 | D:4      | 3154 ||| DRINKING 3 potions of curing.
  3154 | D:4      | 3154 ||| (to cure confusion)
  3160 | D:4      | Reached skill level 1 in Dodging
  3431 | D:4      | 3431 ||| READING scroll labelled LUYKOI DUOS.
  3432 | D:4      | 3432 ||| READING scroll labelled NENWUAPTOU.
  3433 | D:4      | 3433 ||| READING 3 scrolls of identify.
  3433 | D:4      | 3433 ||| IDENTIFYING bubbling coppery potion
  3434 | D:4      | 3434 ||| READING 2 scrolls of identify.
  3434 | D:4      | 3434 ||| IDENTIFYING sapphire potion
  3485 | D:5      | Entered Level 5 of the Dungeon
  3540 | D:5      | Noticed Eustachio
  3565 | D:5      | Killed Eustachio
  3566 | D:5      | Reached skill level 7 in Axes
  3566 | D:5      | Reached XP level 8. HP: 25/48 MP: 8/8
  3677 | D:5      | 3677 ||| Stepping ~*~*~tactically~*~*~ (hiding).
  3678 | D:5      | 3678 ||| Stepping ~*~*~tactically~*~*~ (hiding).
  3913 | D:5      | Noticed a wyvern
  3921 | D:5      | Killed a wyvern
  4623 | D:5      | Reached skill level 8 in Axes
  5035 | D:5      | 5035 ||| READING scroll labelled IMOHUYXOUSCH.
  5036 | D:5      | 5036 ||| READING 2 scrolls of identify.
  5036 | D:5      | 5036 ||| IDENTIFYING fizzy brown potion
  5037 | D:5      | 5037 ||| DROPPING potion of brilliance.
  5051 | D:6      | Noticed Duvessa
  5058 | D:6      | 5058 ||| STAIRDANCE
  5113 | D:6      | Noticed Dowan
  5114 | D:6      | 5114 ||| STAIRDANCE
  5134 | D:6      | 5134 ||| STAIRDANCE
  5160 | D:6      | 5160 ||| STAIRDANCE
  5164 | D:5      | Killed Dowan
  5165 | D:5      | Killed Duvessa
  5166 | D:5      | Reached skill level 6 in Fighting
  5353 | D:6      | HP: 13/52 [orc/+0 trident (3)]
  5353 | D:6      | HP: 4/52 [orc warrior/+0 hand axe (9)]
  5354 | D:6      | 5354 ||| READING 3 scrolls of teleportation.
  5354 | D:6      | Slain by an orc warrior

Levels and vault maps discovered:
D:1:      tarquinn_simple_flora_water_e, layout_rooms,
          hellmonk_ecumenical_altar_crossroads
D:2:      layout_loops_corners, nicolae_figureground_pulse
D:3:      minmay_skewed_foursquare, layout_basic
D:4:      layout_loops_ring, serial_shops, shop, minmay_close_crescents,
          uniq_edmund
D:5:      layout_layer_cave, serial_bayou_pond_c, uniq_eustachio
D:6:      layout_loops_ring, temple_doors_e, uniq_duvessa

Skill      XL: |  1  2  3  4  5  6  7  8 |
---------------+-------------------------+-----
Axes           | 2 3 4 5 6 7 8 |  8.2
Throwing       | 1 |  1.0
Fighting       | 4 6 |  6.3
Dodging        | 1 |  1.3
Armour         | 4 |  4.1
Shields        | |  3.2

Action                     |  1- 3 |  4- 6 |  7- 9 || total
---------------------------+-------+-------+-------++-------
  Melee: War axe           |    82 |   192 |   146 ||   420
  Throw: Javelin           |    18 |    33 |    13 ||    64
         Boomerang         |       |    15 |     2 ||    17
    Use: Scroll            |     4 |     8 |     7 ||    19
         Potion            |       |     2 |     1 ||     3
 Armour: Scale mail        |    56 |    30 |       ||    86
         Chain mail        |       |   102 |    99 ||   201
  Dodge: Dodged            |    43 |    62 |    55 ||   160
  Block: Buckler           |    19 |    37 |    28 ||    84

Table legend:
 A = Non-vault XP
 B = Vault XP
 C = Vault XP percentage of total XP
 D = Non-vault monster count
 E = Vault monster count
 F = Vault count percentage of total count
                 A         B        C        D         E       F
            +---------+---------+-------+---------+---------+-------
      Total |    1522 |     583 |  27.7 |     118 |      12 |   9.2
            +---------+---------+-------+---------+---------+-------
        D:1 |      45 |       0 |   0.0 |      22 |       0 |   0.0
        D:2 |      95 |       0 |   0.0 |      26 |       0 |   0.0
        D:3 |      94 |      11 |  10.5 |      22 |       5 |  18.5
        D:4 |     658 |     172 |  20.7 |      34 |       4 |  10.5
        D:5 |     411 |     400 |  49.3 |      10 |       3 |  23.1
        D:6 |     219 |       0 |   0.0 |       4 |       0 |   0.0
            +---------+---------+-------+---------+---------+-------
